 Dungeon Crawl Stone Soup version 0.21.1-1-g345015f (webtiles) character file.

171 Merlin the Cudgeler (level 5, -8/42 HPs)
             Began as a Demonspawn Chaos Knight on July 14, 2018.
             Killed from afar by an electric eel (11 damage)
             ... with a bolt of electricity
             ... on level 4 of the Dungeon.
             The game lasted 00:13:01 (2033 turns).

Merlin the Cudgeler (Demonspawn Chaos Knight)       Turns: 2033, Time: 00:13:02

Health: -8/42      AC:  8    Str: 12    XL:     5   Next: 26%
Magic:  5/5        EV: 12    Int: 14    God:    Xom [.....*]
Gold:   140        SH:  0    Dex: 18    Spells: 4/4 levels left

rFire    . . .     SeeInvis .   a - +0 mace (chaos)
rCold    . . .     Gourm    .   (no shield)
rNeg     . . .     Faith    .   b - +2 leather armour
rPois    .         Spirit   .   (no helmet)
rElec    .         Reflect  .   (no cloak)
rCorr    .         Harm     .   (no gloves)
MR       .....                  d - +0 pair of boots
Stlth    ++........             (no amulet)
HPRegen  0.14/turn              f - ring of wizardry
MPRegen  0.09/turn              q - +3 ring of dexterity

@: very slightly contaminated, hasted, invisible, very quick
A: iridescent scales 1, agile 1, blink, blurry vision 1, demonic guardian 1
a: Blink, Renounce Religion


You were on level 4 of the Dungeon.
You worshipped Xom.
You were Xom's teddy bear.
You were not hungry.

You visited 1 branch of the dungeon, and saw 4 of its levels.

You collected 140 gold pieces.

Inventory:

Hand Weapons
 a - a +0 mace of chaos (weapon)
 l - a cursed -2 whip
Armour
 b - a +2 leather armour (worn)
 d - a +0 pair of boots (worn)
Jewellery
 f - a ring of wizardry (left hand)
 q - a +3 ring of dexterity (right hand)
Wands
 r - a wand of flame (27)
Scrolls
 e - a scroll of identify
 h - a scroll of remove curse
 i - a scroll of immolation {unknown}
 o - a scroll of magic mapping {unknown}
Potions
 g - a potion of curing {unknown}
 j - a potion of magic
 n - a potion of mutation
Miscellaneous
 k - a phantom mirror
Comestibles
 c - 7 rations


   Skills:
 + Level 3.9 Fighting
 + Level 4.2 Maces & Flails
 + Level 2.4 Armour
 + Level 1.8 Dodging
 + Level 0.4 Stealth


You had 4 spell levels left.
You didn't know any spells.

Dungeon Overview and Level Annotations

Branches:
Dungeon (4/15)
 Temple: D:4-7

Altars:
Makhleb
Xom


Innate Abilities, Weirdness & Mutations

You are partially covered in iridescent scales. (AC +2)
A weak demonic guardian rushes to your aid.
You are agile. (Dex +2)
You can translocate small distances at will.
Scrolls take you a little longer to read.


Message History

It was a potion of haste.
You feel yourself speed up.
Xom thinks this is hilarious!
The electric eel shoots out a bolt of lightning at you!
The bolt of electricity hits your iron imp.
Your iron imp resists.
The bolt of electricity hits you!
* * * LOW HITPOINT WARNING * * *
Really read with blurry vision while enemies are nearby?
Okay, then.
It was a potion of invisibility.
You fade into invisibility!
You are very lightly contaminated with residual magic.
Your iron imp hits the electric eel!
There is a transporter landing site here.
The electric eel shoots out a bolt of lightning at something!
Your iron imp hits the electric eel.
Your iron imp completely misses the electric eel.
The electric eel shoots out a bolt of lightning at you!
The bolt of electricity hits you!
You die...

#############
............#
###########.#
≈≈≈≈≈≈≈#P8#.##
P≈≈≈≈.)#..#..##
≈≈≈⌠;5.@.©#©..#
≈≈≈≈;..#..#...#
≈≈≈≈;≈≈#P8#.#.#
###########.#...
............###.###
###########<.......
#........ .........
..........


You could see 3 electric eels and a friendly iron imp.

Vanquished Creatures
  The ghost of Iko the Charmwright, a weakling GnSk (D:3)
  5 adders
  2 worms
  3 dart slugs
  6 leopard geckos
  An orc (D:3)
  5 bats
  6 goblins
  6 hobgoblins
  5 jackals
  A quokka (D:2)
  A ball python (D:3)
  3 frilled lizards
  4 kobolds
  5 rats
54 creatures vanquished.

Vanquished Creatures (collateral kills)
  Crazy Yiuf (D:2)
  2 adders (D:2)
  A leopard gecko (D:2)
4 creatures vanquished.

Grand Total: 58 creatures vanquished

Notes
Turn   | Place    | Note
-------+----------+-------------------------------------------
     0 | D:1      | Merlin the Demonspawn Chaos Knight began the quest for the Orb.
     0 | D:1      | Reached XP level 1. HP: 18/18 MP: 1/1
   192 | D:1      | Gained mutation: A weak demonic guardian rushes to your aid. [demonic ancestry]
   192 | D:1      | Reached XP level 2. HP: 23/24 MP: 2/2
   276 | D:1      | Reached skill level 3 in Maces & Flails
   583 | D:1      | XOM: scenery: create altars
   596 | D:1      | Reached skill level 1 in Dodging
   753 | D:2      | Gained mutation: You are partially covered in iridescent scales. (AC +2) [demonic ancestry]
   753 | D:2      | Reached XP level 3. HP: 20/29 MP: 3/3
   881 | D:2      | XOM: god gift: 28 gold pieces
   961 | D:2      | Reached XP level 4. HP: 35/37 MP: 4/4
  1015 | D:2      | Found a runed door.
  1019 | D:2      | Noticed Crazy Yiuf
  1021 | D:2      | Killed Crazy Yiuf
  1254 | D:3      | Noticed Iko's ghost (weakling GnSk)
  1269 | D:3      | Killed Iko's ghost
  1413 | D:3      | Reached skill level 4 in Maces & Flails
  1435 | D:3      | XOM: swap monsters
  1436 | D:3      | Reached XP level 5. HP: 40/42 MP: 5/5
  1539 | D:3      | Found a burning altar of Makhleb.
  1540 | D:3      | Noticed a green death
  1668 | D:3      | XOM: polymorph kobold -> dart slug
  1670 | D:3      | Gained mutation: Scrolls take you a little longer to read. [potion of mutation]
  1670 | D:3      | Gained mutation: You can translocate small distances at will. [potion of mutation]
  1670 | D:3      | Gained mutation: You are agile. (Dex +2) [potion of mutation]
  1686 | D:3      | XOM: mild Conj miscast
  1981 | D:3      | XOM: god gift: phantom mirror
  1995 | D:3      | XOM: god gift: iron ring {god gift}
  2011 | D:4      | Found a transporter.
  2026 | D:4      | HP: 2/42 [electric eel/bolt of electricity (12)]
  2033 | D:4      | Killed from afar by an electric eel

Skill      XL: |  1  2  3  4 |
---------------+-------------+-----
Armour         | 2 |  2.4
Maces & Flails | 3 4 |  4.2
Dodging        | 1 |  1.8
Fighting       | |  3.9
Stealth        | |  0.4

Action                   |  1- 3 |  4- 6 || total
-------------------------+-------+-------++-------
Melee: Mace              |   132 |    87 ||   219
Evoke: Wand              |       |     1 ||     1
  Use: Scroll            |     2 |     2 ||     4
       Potion            |       |     3 ||     3
 Stab: Distracted        |     1 |       ||     1
  Eat: Chunk             |       |     4 ||     4
Armor: Leather armour    |    59 |    38 ||    97
Dodge: Dodged            |    91 |    69 ||   160
